 Dungeon Crawl Stone Soup version 0.29.0-4-gdea44cf6ec (webtiles) character file.

Game seed: 12107543171691283089

98 qw the Chopper (level 4, -1/26 HPs)
             Began as a Tengu Warper on Aug 28, 2022.
             Was an Initiate of Okawaru.
             Killed by divine providence
             ... invoked by an orc priest
              (8 damage)
             ... on level 4 of the Dungeon.
             The game lasted 00:00:15 (3487 turns).

qw the Chopper (Tengu Warper)                       Turns: 3487, Time: 00:00:16

Health: -1/26      AC:  6    Str: 13    XL:     4   Next: 71%
Magic:  8/8        EV:  9    Int: 14    God:    Okawaru [......]
Gold:   92         SH:  0    Dex: 13    Spells: 7/7 levels left

rFire   . . .      SeeInvis .   Y - +0 hand axe
rCold   . . .      Faith    .   (no shield)
rNeg    . . .      Spirit   .   k - +0 scale mail
rPois   .          Reflect  .   (helmet restricted)
rElec   .          Harm     .   (no cloak)
rCorr   .          Rampage  .   (no gloves)
Will    .....                   (boots unavailable)
Stlth   ..........              (no amulet)
HPRegen 0.08/turn               (no ring)
MPRegen 0.11/turn               (no ring)

@: no status effects
A: beak, talons 3
a: Renounce Religion


You were on level 4 of the Dungeon.
You worshipped Okawaru.
Okawaru was noncommittal.
You visited 1 branch of the dungeon, and saw 4 of its levels.

You collected 92 gold pieces.


Innate Abilities, Weirdness & Mutations

You have a beak for a mouth.
You have claws for feet.


   Skills:
 - Level 2.0 Fighting
 + Level 5.2 Axes
 - Level 1.0 Throwing
 - Level 1.1 Armour
 - Level 2.1 Dodging
 - Level 2.0 Spellcasting
 - Level 2.4 Translocations


You had 7 spell levels left.
You didn't know any spells.
Your spell library contained the following spells:

 Spells                   Type           Power      Damage    Failure   Level
 Blink                    Tloc           16%        N/A       54%         2
 Gell's Gravitas          Tloc           8%         N/A       78%         3
 Lesser Beckoning         Tloc           8%         N/A       78%         3
 Teleport Other           Tloc           8%         N/A       78%         3
 Manifold Assault         Tloc           8%         N/A       100%        5

Inventory:

Hand Weapons
 i - a +0 flail
 Y - a +0 hand axe (weapon)
Missiles
 e - a boomerang (quivered)
Armour
 k - a +0 scale mail (worn)
Scrolls
 a - 2 scrolls of enchant armour
 f - a scroll of identify
Potions
 c - a potion of haste {unknown}
 d - a potion of might {unknown}
 h - a potion of cancellation {unknown}
 j - a potion of curing {unknown}

Dungeon Overview and Level Annotations

Branches:
Dungeon (4/15)
 Temple: D:4-7

Altars:
Nemelex Xobeh
Okawaru
Wu Jian
Xom
Yredelemnul
The Shining One


Message History

Throw: 2 boomerangs
Press: ? - help, Q - select action Shift-Dir - straight line, f/p - giant cockroach You throw a boomerang.
The boomerang hits the giant cockroach!
You kill the giant cockroach!
Okawaru accepts your kill.
You see here a +1 dagger of protection.
An orc wizard, an orc priest and 2 orcs come into view.
The orc shouts!
The orc priest shouts!
The orc priest looks satisfied for a moment.
3479 ||| Stepping ~*~*~tactically~*~*~ (hiding).
The orc wizard gestures at you while chanting.
You are confused.
The orc wizard completely misses you.
You bump into the rock wall.
The orc barely misses you. The orc wizard barely misses you.
You bump into the rock wall.
The orc barely misses you.
The orc wizard hits you but does no damage.
You're too confused to move!
The orc hits you but does no damage. The orc wizard closely misses you.
You hit the orc wizard.
The orc wizard is lightly wounded.
You barely miss the orc. The orc wizard barely misses you. The orc misses you.
You bump into the rock wall.
The orc barely misses you.
The orc wizard hits you with a +0 dagger.
The orc priest calls down the wrath of Beogh upon you.
Beogh smites you!
Ouch! That really hurt!
You hear a shout!
You miss the orc wizard. Your kick misses the orc wizard.
Your peck misses the orc wizard.
The orc wizard is lightly wounded.
You hit the orc but do no damage.
You feel less confused. The orc hits you with a +0 flail.
The orc priest calls down the wrath of Beogh upon you.
Beogh smites you!
You die...

#.#.... #.#.....
# #.#.#.. .#
#.#.#.#####.#
#.#.........###
#o#.......<...##
#o#.............
#o#.)...<.....#
##@#.#+###+#+###
#o...# #..###
#..# ....#
#.##.# #. ..# #
###


You could see an orc priest, an orc wizard and 2 orcs.

Vanquished Creatures
  A gnoll (D:3)
  An adder (D:3)
  2 worms
  4 dart slugs
  2 orcs (D:3)
  8 ball pythons
  2 endoplasms
  3 giant cockroaches
  5 goblins
  5 hobgoblins
  2 jackals (D:1)
  A kobold (D:3)
  7 quokkas
  9 bats
  A frilled lizard (D:2)
  4 rats
57 creatures vanquished.

Notes
Turn   | Place    | Note
-------+----------+-------------------------------------------
     0 | D:1      | qw the Tengu Warper began the quest for the Orb.
     0 | D:1      | Reached XP level 1. HP: 12/12 MP: 4/4
     0 | D:1      | 0 ||| qw: Version: 0.1-a-89-g26bdef1
     0 | D:1      | 0 ||| qw: Game counter: 374
     0 | D:1      | 0 ||| qw: Always use a shield: true
     0 | D:1      | 0 ||| qw: God list: Okawaru
     0 | D:1      | 0 ||| qw: Allow faded altars: false
     0 | D:1      | 0 ||| qw: Do Orc after D:15 true
     0 | D:1      | 0 ||| qw: Do second Lair branch before Depths: true
     0 | D:1      | 0 ||| qw: Lair rune preference: random
     0 | D:1      | 0 ||| qw: Plans: Normal
     0 | D:1      | 0 ||| PLANNING D:1-11
   119 | D:1      | Reached skill level 3 in Axes
   119 | D:1      | Reached XP level 2. HP: 12/17 MP: 6/6
   461 | D:1      | 461 ||| Stepping ~*~*~tactically~*~*~ (stealth).
   468 | D:1      | 468 ||| Stepping ~*~*~tactically~*~*~ (stealth).
   482 | D:1      | 482 ||| Stepping ~*~*~tactically~*~*~ (stealth).
   588 | D:1      | Reached XP level 3. HP: 21/21 MP: 7/7
   726 | D:1      | 726 ||| Stepping ~*~*~tactically~*~*~ (stealth).
   727 | D:1      | 727 ||| Stepping ~*~*~tactically~*~*~ (stealth).
   739 | D:1      | Reached skill level 4 in Axes
  1112 | D:1      | 1112 ||| UPGRADING to +0 scale mail.
  1122 | D:1      | 1122 ||| DROPPING +0 leather armour.
  1123 | D:1      | 1123 ||| READING 2 scrolls labelled OLICLA XOGGEA.
  1124 | D:1      | 1124 ||| READING 2 scrolls labelled KEOT RIROBI.
  1125 | D:1      | 1125 ||| READING scroll labelled ULESONNAHA.
  1126 | D:1      | 1126 ||| READING scroll labelled URHION IFENN.
  1251 | D:1      | 1251 ||| DROPPING scroll of blinking.
  1455 | D:2      | 1455 ||| Stepping ~*~*~tactically~*~*~ (hiding).
  1593 | D:2      | Found a shimmering altar of Xom.
  1597 | D:2      | 1597 ||| Stepping ~*~*~tactically~*~*~ (hiding).
  2117 | D:2      | Found a faded altar of an unknown god.
  2230 | D:2      | 2230 ||| READING scroll labelled TUROOTR WU SOEKLE.
  2231 | D:2      | 2231 ||| READING 2 scrolls of identify.
  2231 | D:2      | 2231 ||| IDENTIFYING orange potion
  2232 | D:2      | 2232 ||| DROPPING potion of attraction.
  2284 | D:3      | Reached XP level 4. HP: 23/26 MP: 8/8
  2318 | D:3      | 2318 ||| DROPPING +0 club.
  2738 | D:3      | Reached skill level 5 in Axes
  2810 | D:3      | 2810 ||| DROPPING +0 whip.
  2947 | D:3      | Found a basalt altar of Yredelemnul.
  2947 | D:3      | Found an ornate altar of the Wu Jian Council.
  2954 | D:3      | Found an iron altar of Okawaru.
  2956 | D:3      | Found a sparkling altar of Nemelex Xobeh.
  2958 | D:3      | Found a glowing golden altar of the Shining One.
  2962 | D:3      | Became a worshipper of Warmaster Okawaru
  3190 | D:3      | 3190 ||| READING scroll labelled UNNUIH RODOSH.
  3191 | D:3      | 3191 ||| READING scroll labelled OSTRUEB LEWYGUCH.
  3194 | D:3      | 3194 ||| READING scroll labelled ETRIOFR KUKLESS.
  3195 | D:3      | 3195 ||| DRINKING 2 sapphire potions.
  3196 | D:3      | 3196 ||| DROPPING potion of invisibility.
  3197 | D:3      | 3197 ||| Stepping randomly (stuck).
  3198 | D:3      | 3198 ||| Stepping ~*~*~tactically~*~*~ (cloud).
  3206 | D:3      | HP: 6/26 [poisoned by you (poison gas)]
  3479 | D:4      | 3479 ||| Stepping ~*~*~tactically~*~*~ (hiding).
  3487 | D:4      | Killed from afar by an orc priest

Levels and vault maps discovered:
D:1:      psy_arrival_conway, layout_loops_ring
D:2:      layout_basic, shapermc_ecumenical_altar_hornbeckon, basic_altar,
          minmay_bisected
D:3:      minmay_diamond_boxcup, layout_basic,
          chequers_temple_overflow_minitemple
D:4:      layout_basic, lemuel_tele_altar, mainiacjoe_overflow_divided_tiny,
          mainiacjoe_overflow_small_starburst, lemuel_temple_firewalk_b,
          uniq_menkaure

Skill      XL: |  1  2  3  4 |
---------------+-------------+-----
Axes           | 3 4 5 |  5.2
Fighting       | |  2.0
Throwing       | |  1.0
Armour         | |  1.1
Dodging        | |  2.1
Spellcasting   | |  2.0
Translocations | |  2.4

Action                   |  1- 3 |  4- 6 || total
-------------------------+-------+-------++-------
Melee: Hand axe          |   101 |    29 ||   130
       Peck              |    18 |     2 ||    20
       Kick              |    25 |     6 ||    31
       Punch             |     1 |       ||     1
Throw: Boomerang         |     7 |    18 ||    25
  Use: Scroll            |     6 |     3 ||     9
       Potion            |       |     1 ||     1
Armor: Leather armour    |    21 |       ||    21
       Scale mail        |    12 |     4 ||    16
Dodge: Dodged            |    42 |    19 ||    61

Table legend:
 A = Non-vault XP
 B = Vault XP
 C = Vault XP percentage of total XP
 D = Non-vault monster count
 E = Vault monster count
 F = Vault count percentage of total count
                 A         B        C        D         E       F
            +---------+---------+-------+---------+---------+-------
      Total |     111 |      30 |  21.3 |      48 |       9 |  15.8
            +---------+---------+-------+---------+---------+-------
        D:1 |      49 |       0 |   0.0 |      27 |       0 |   0.0
        D:2 |      26 |       2 |   7.1 |      10 |       2 |  16.7
        D:3 |      34 |      28 |  45.2 |      10 |       7 |  41.2
        D:4 |       2 |       0 |   0.0 |       1 |       0 |   0.0
            +---------+---------+-------+---------+---------+-------
